 Dungeon Crawl Stone Soup version 0.21.1-1-g345015f (webtiles) character file.

160 Mirai the Magician (level 5, -7/28 HPs)
             Began as a Deep Elf Conjurer on Mar 30, 2018.
             Mangled by DrClinical's ghost (8 damage)
             ... on level 4 of the Dungeon.
             The game lasted 00:07:02 (2924 turns).

Mirai the Magician (Deep Elf Conjurer)              Turns: 2924, Time: 00:07:04

Health: -7/28      AC:  2    Str:  5    XL:     5   Next: 17%
Magic:  4/16       EV: 13    Int: 21    God:
Gold:   142        SH:  0    Dex: 15    Spells: 7/18 levels left

rFire    . . .     SeeInvis +   r - +2 dagger (holy)
rCold    . . .     Gourm    .   (no shield)
rNeg     . . .     Faith    .   a - +0 robe
rPois    .         Spirit   .   (no helmet)
rElec    .         Reflect  .   (no cloak)
rCorr    .         Harm     .   (no gloves)
MR       .....     Rnd*Tele +   (no boots)
Stlth    ++........             (no amulet)
HPRegen  0.09/turn              g - ring of see invisible
MPRegen  0.15/turn              j - ring of teleportation (curse)

@: lethally poisoned (-7 -> -17)
A: no striking features
a: no special abilities


You were on level 4 of the Dungeon.
You were not hungry.

You visited 1 branch of the dungeon, and saw 4 of its levels.

You collected 142 gold pieces.

Inventory:

Hand Weapons
 h - a +0 dagger of venom
 r - a +2 dagger of holy wrath (weapon)
Armour
 a - a +0 robe (worn)
Magical Staves
 p - an uncursed staff of earth
Jewellery
 g - a ring of see invisible (left hand)
 j - a cursed ring of teleportation (right hand)
Scrolls
 e - a scroll of identify
 i - 2 scrolls of remove curse {unknown}
 l - 2 scrolls of enchant weapon {unknown}
 n - a scroll of blinking {unknown}
Potions
 m - a potion of flight
 o - a potion of lignification {unknown}
 q - 2 potions of curing {unknown}
Books
 b - a book of Conjurations

   Spells                             Type                      Level
   a - Magic Dart                     Conjuration                  1
   b - Searing Ray                    Conjuration                  2
   c - Dazzling Spray                 Conjuration/Hexes            3
   d - Fulminant Prism                Conjuration/Hexes            4
   e - Force Lance                    Conjuration/Translocation    4
   f - Iskenderun's Mystic Blast      Conjuration                  4
Comestibles
 c - 6 rations


   Skills:
 - Level 2.4 Dodging
 - Level 2.4 Stealth
 + Level 7.1 Spellcasting
 + Level 4.5 Conjurations
 + Level 1.0 Hexes


You had 7 spell levels left.
You knew the following spells:

 Your Spells              Type           Power        Failure   Level  Hunger
a - Magic Dart            Conj           ####         1%          1    None
b - Searing Ray           Conj           ####..       1%          2    None
c - Iskenderun's Mystic   Conj           ####....     14%         4    ###....
d - Fulminant Prism       Conj/Hex       ###.......   28%         4    ###....


Dungeon Overview and Level Annotations

Branches:
Dungeon (4/15)
 Temple: D:4-7

Altars:
Elyvilon
Qazlal

Annotations:
D:4 DrClinical's ghost, amateur HOFi


Message History

The searing ray hits DrClinical's ghost.
DrClinical's ghost is heavily damaged.
You finish channeling your searing ray.
DrClinical's ghost barely misses you.
Casting: Searing Ray
Confirm with . or Enter, or press ? or * to list all spells.
Aiming: Searing Ray
Press: ? - help, Shift-Dir - straight line, f/p - DrClinical's ghost
Aim: DrClinical's ghost (heavily damaged)
The searing ray hits DrClinical's ghost.
DrClinical's ghost is heavily damaged. (Press . to maintain the ray.) DrClinical's ghost hits you!
* * * LOW HITPOINT WARNING * * *
The searing ray hits DrClinical's ghost.
DrClinical's ghost is heavily damaged.
The worker ant bites you.
* * * LOW HITPOINT WARNING * * *
You are lethally poisoned!
The worker ant poisons you! DrClinical's ghost hits you!
You die...

#.####..... ..
#.......#.# #.###
###.....#.. .....######
#.....#.. ..........
+........ .........#
#.....#.. .........#
#.....#..
......a..#############..
.....oW@.......
...............
.....##........ ####
#........ ##.###### (.
.. ...


You could see a worker ant, DrClinical's ghost and an orc.

Vanquished Creatures
  An adder (D:2)
  6 gnolls
  An ooze (D:3)
  A worm (D:3)
  3 dart slugs
  2 leopard geckos
  2 orcs (D:3)
  A ball python (D:2)
  3 bats
  13 goblins
  16 hobgoblins
  10 kobolds
  7 frilled lizards
  7 rats
73 creatures vanquished.

Notes
Turn   | Place    | Note
-------+----------+-------------------------------------------
     0 | D:1      | Mirai the Deep Elf Conjurer began the quest for the Orb.
     0 | D:1      | Reached XP level 1. HP: 10/10 MP: 6/6
   130 | D:1      | Reached skill level 4 in Spellcasting
   130 | D:1      | Reached XP level 2. HP: 10/15 MP: 0/9
   134 | D:1      | Learned a level 2 spell: Searing Ray
   851 | D:2      | Reached XP level 3. HP: 17/19 MP: 9/11
   876 | D:2      | Reached skill level 5 in Spellcasting
  1344 | D:2      | Reached skill level 6 in Spellcasting
  1344 | D:2      | Reached XP level 4. HP: 11/24 MP: 4/14
  1596 | D:2      | Learned a level 4 spell: Iskenderun's Mystic Blast
  1601 | D:2      | Learned a level 4 spell: Fulminant Prism
  2119 | D:2      | Reached skill level 7 in Spellcasting
  2327 | D:3      | Reached XP level 5. HP: 18/28 MP: 6/16
  2605 | D:3      | Found a white marble altar of Elyvilon.
  2646 | D:3      | Found a stormy altar of Qazlal.
  2791 | D:3      | Reached skill level 1 in Hexes
  2915 | D:4      | Noticed DrClinical's ghost (amateur HOFi)
  2924 | D:4      | HP: 1/28 [worker ant (4)]
  2924 | D:4      | Mangled by DrClinical's ghost

Skill      XL: |  1  2  3  4  5 |
---------------+----------------+-----
Spellcasting   | 4 6 7 |  7.1
Hexes          | 1 |  1.0
Dodging        | |  2.4
Stealth        | |  2.4
Conjurations   | |  4.5

Action                   |  1- 3 |  4- 6 || total
-------------------------+-------+-------++-------
Melee: Hand axe          |     6 |       ||     6
       Dagger            |     1 |    19 ||    20
 Cast: Magic Dart        |    58 |    48 ||   106
       Searing Ray       |     3 |    11 ||    14
       Iskenderun's Myst |       |     1 ||     1
  Use: Scroll            |       |     1 ||     1
  Eat: Chunk             |     1 |     5 ||     6
Armor: Robe              |     3 |     5 ||     8
Dodge: Dodged            |    16 |    42 ||    58
